 Dungeon Crawl Stone Soup version 0.26.1-11-gd32895ea62 (webtiles) character file.

Game seed: 79808824230149883

4623 dtburroughs the Cleaver (level 10, -11/136 HPs)
             Began as a Minotaur Berserker on June 28, 2021.
             Was an Elder of Trog.
             Mangled by an orc knight
             ... wielding a +2 war axe of electrocution
              (16 damage)
             ... in a bailey.
             The game lasted 00:20:38 (10878 turns).

dtburroughs the Cleaver (Minotaur Berserker)       Turns: 10878, Time: 00:20:38

Health: -11/136    AC: 15    Str: 22    XL:     10   Next: 19%
Magic:  9/9        EV: 10    Int:  7    God:    Trog [****..]
Gold:   311        SH:  8    Dex: 10    Spells: 9/9 levels left

rFire    . . .     SeeInvis +   H - +3 war axe (freeze)
rCold    . . .     Faith    .   G - +0 buckler
rNeg     . . .     Spirit   .   t - +0 chain mail
rPois    .         Reflect  +   (helmet restricted)
rElec    .         Harm     .   (no cloak)
rCorr    .         Rampage  .   (no gloves)
Will     ++...                  (no boots)
Stlth    ..........             r - amulet of reflection
HPRegen  1.32/turn              z - +4 ring of protection
MPRegen  0.11/turn              A - ring of see invisible

@: berserking, regenerating, very quick
A: retaliatory headbutt, horns 2
a: Renounce Religion, Berserk, Trog's Hand, Brothers in Arms


You were in a bailey.
You worshipped Trog.
Trog was greatly pleased with you.
You visited 1 branch of the dungeon, and saw 9 of its levels.
You also visited: Bailey.

You collected 311 gold pieces.

Inventory:

Hand Weapons
 m - a +3 whip
 x - a +2 flail of protection
 E - a +0 war axe
 H - a +3 war axe of freezing (weapon)
 L - a +0 vorpal hand axe
Armour
 t - a +0 chain mail (worn)
 G - a +0 buckler (worn)
Jewellery
 r - an amulet of reflection (around neck)
 v - an uncursed amulet of faith
 y - an uncursed amulet of magic regeneration
 z - a +4 ring of protection (left hand)
 A - a ring of see invisible (right hand)
Wands
 q - a wand of paralysis (5)
 u - a wand of disintegration (12)
 w - a wand of iceblast (13)
Scrolls
 a - a scroll of amnesia {unknown}
 b - 11 scrolls of identify {unknown}
 c - a scroll of fear {unknown}
 e - 2 scrolls of enchant weapon {unknown}
 f - 4 scrolls of teleportation
 g - a scroll of noise {unknown}
 i - 2 scrolls of immolation {unknown}
 l - a scroll of blinking {unknown}
 p - 3 scrolls of fog {unknown}
 C - a scroll of remove curse
Potions
 d - 2 potions of lignification {unknown}
 h - 3 potions of magic {unknown}
 j - 9 potions of curing
 k - 2 potions of attraction
 n - 3 potions of flight {unknown}
 o - 2 potions of haste
 s - 2 potions of brilliance {unknown}
 B - a potion of degeneration {unknown}
 D - 2 potions of ambrosia {unknown}
 F - a potion of cancellation {unknown}
 I - a potion of resistance {unknown}
 J - a potion of heal wounds {unknown}
 N - a potion of experience {unknown}
 O - a potion of mutation {unknown}
Miscellaneous
 K - a tin of tremorstones (2/2)
 M - a lightning rod (4/4)


   Skills:
 + Level 9.2 Fighting
 + Level 9.2 Axes
 + Level 8.7 Armour
 + Level 8.0 Dodging
 + Level 4.5 Evocations


You had 9 spell levels left.
You didn't know any spells.
Your spell library was empty.

Dungeon Overview and Level Annotations

Branches:
Dungeon (9/15)             Temple (0/1) D:6            Lair (0/6) D:8
 Bailey (1/1)
    Orc: D:9-12

Altars:
Ashenzari
Elyvilon
Hepliaklqana
Okawaru
Ru
Xom
Yredelemnul

Shops:
D:4 [

Annotations:
D:5 2 transporters, Pepete's ghost, amateur GrFi


Innate Abilities, Weirdness & Mutations

You reflexively headbutt those who attack you in melee.
You have a pair of horns on your head.


Message History

The orc knight is almost dead.
You hit the orc knight but do no damage.
The orc knight is almost dead.
The orc knight barely misses you.
You hit the orc knight. You freeze the orc knight.
The orc knight is almost dead.
The orc knight hits you with a +2 war axe of electrocution!
* * * LOW HITPOINT WARNING * * *
You are electrocuted!
* * * LOW HITPOINT WARNING * * *
A red film seems to cover your vision as you go berserk!
You feel yourself moving faster!
You feel mighty! You block the orc knight's attack.
You hit the orc knight but do no damage.
Your headbutt misses the orc knight.
The orc knight is almost dead.
The orc knight hits you with a +2 war axe of electrocution!
* * * LOW HITPOINT WARNING * * *
You are electrocuted!
You die... #.# #.# #.' #'##'##'# #.....# ###...).### .. #.'..⌠..'.# K⌠. ###))...### ggg ##g(...# #Kg

##o##'##'# #o#
#@###.# #.#g# #'#
### ##### ###
#.###.###.#)###.##
##'##'##'###'##'##
##.....## ##.....
###.....#####.....
#.'..(..'.#.'..∩..
###...((#####.....
#...)(## ##..(((


You could see an orc knight and a hobgoblin.

Vanquished Creatures
  Pikel (D:8)
  An ugly thing (D:8)
  A slime creature (D:8)
  Edmund (D:5)
  2 wargs (D:8)
  An orc warrior (D:8)
  3 sky beasts
  2 ice beasts (D:7)
  A phantom (D:9)
  2 ogres
  2 centaurs
  2 lemures (D:8)
  A big kobold (D:8)
  2 bullfrogs
  A gnoll sergeant (D:7)
  3 scorpions
  A killer bee (D:8)
  7 wights
  3 hounds
  10 orc priests
  2 bullfrog skeletons (D:6)
  2 centaur skeletons
  11 orc wizards
  An iguana (D:8)
  6 worker ants
  A killer bee zombie (D:6)
  A hound zombie (D:6)
  A hound skeleton (D:7)
  23 gnolls
  4 adders
  2 shadow imps
  5 white imps
  An ufetubus (D:5)
  An ooze (D:1)
  An adder skeleton (D:7)
  3 adder zombies (D:6)
  3 worms
  6 dart slugs
  3 leopard geckos
  37 orcs
  A ball python (D:5)
  4 giant cockroaches
  15 goblins
  14 hobgoblins
  5 jackals
  2 quokkas
  6 bats
  4 frilled lizards
  A jackal skeleton (D:6)
  25 kobolds
  2 quokka skeletons
  6 rats
246 creatures vanquished.

Vanquished Creatures (others)
  2 plants
  4 withered plants
6 creatures vanquished.

Grand Total: 252 creatures vanquished

Notes
Turn   | Place    | Note
-------+----------+-------------------------------------------
     0 | D:1      | dtburroughs the Minotaur Berserker began the quest for the
                  | Orb.
     0 | D:1      | Reached XP level 1. HP: 19/19 MP: 0/0
   187 | D:1      | Reached XP level 2. HP: 24/27 MP: 1/1
   760 | D:1      | Reached XP level 3. HP: 33/33 MP: 2/2
   772 | D:1      | Reached ** piety under Trog
  1347 | D:2      | Found a shimmering altar of Xom.
  1419 | D:2      | Reached XP level 4. HP: 40/40 MP: 3/3
  1491 | D:2      | Found a broken altar of Ashenzari.
  1884 | D:3      | Reached XP level 5. HP: 21/47 MP: 4/4
  2486 | D:3      | Reached *** piety under Trog
  2899 | D:3      | Reached skill level 5 in Axes
  3394 | D:4      | Reached skill level 5 in Fighting
  3528 | D:4      | Found a sacrificial altar of Ru.
  3763 | D:4      | Reached XP level 6. HP: 39/56 MP: 5/5
  3905 | D:4      | Found Manacat's Armour Boutique.
  4812 | D:5      | Entered Level 5 of the Dungeon
  4828 | D:5      | Noticed a sky beast
  4876 | D:5      | HP: 2/56 [something (6)]
  4878 | D:5      | Killed a sky beast
  4879 | D:5      | Reached skill level 5 in Armour
  4879 | D:5      | Reached XP level 7. HP: 3/62 MP: 6/6
  5177 | D:5      | Noticed Edmund
  5178 | D:5      | Found a transporter.
  5220 | D:5      | Killed Edmund
  5221 | D:5      | Reached skill level 5 in Dodging
  5420 | D:5      | Noticed a hornet
  5428 | D:5      | Noticed Pepete's ghost (amateur GrFi)
  5604 | D:5      | Found a transporter.
  5978 | D:6      | Reached XP level 8. HP: 48/71 MP: 7/7
  6148 | D:6      | Found a hazy altar of Hepliaklqana.
  6303 | D:6      | Found a staircase to the Ecumenical Temple.
  7062 | D:7      | Reached skill level 1 in Evocations
  7469 | D:7      | Found a basalt altar of Yredelemnul.
  8223 | D:7      | Reached XP level 9. HP: 41/80 MP: 8/8
  8697 | D:8      | Noticed Pikel
  8720 | D:8      | Killed Pikel
  9445 | D:8      | Found a staircase to the Lair.
  9525 | D:8      | Noticed a red ugly thing
  9537 | D:8      | Killed a red ugly thing
  9538 | D:8      | Reached XP level 10. HP: 65/91 MP: 9/9
  9945 | D:8      | Reached **** piety under Trog
 10423 | D:9      | Found an iron altar of Okawaru.
 10423 | D:9      | Found a white marble altar of Elyvilon.
 10461 | D:9      | Found a flagged portal.
 10476 | Bailey   | Entered a bailey
 10611 | Bailey   | Noticed an orc knight
 10878 | Bailey   | HP: 5/136 [orc knight/+2 war axe of electrocution (12)]
 10878 | Bailey   | Mangled by an orc knight

Illustrated notes

Levels and vault maps discovered:
D:1:      lightli_arrival_chessboard, layout_loops_ring,
          kennysheep_decorative_pillar
D:2:      layout_loops_ring, xom_butterflies, ashenzari_altar_1,
          chequers_serial_rivers_large_b
D:3:      layout_basic, grunt_ministairs_1
D:4:      layout_layer_cave, nicolae_ru_path_of_blood, serial_shops, shop
D:5:      layout_cave_pools, gammafunk_ghost_hive, uniq_edmund
D:6:      layout_rooms, lemuel_doored_altar,
          minmay_temple_entry_statues_pillars, serial_undead, serial_undead_c,
          serial_undead_e, serial_undead_e, serial_undead_c, serial_undead_c,
          bh_walls_and_bars
D:7:      layout_cave_pools, serial_bayou_pond_d, yredelemnul_altar_generic
D:8:      minmay_the_grid_octo_2x2 [minmay_the_grid_octo_tetromino_candy,
          minmay_the_grid_octo_checkered, minmay_the_grid_octo_fan_narrow,
          minmay_the_grid_octo_prize_single_spiral], layout_cave_pools,
          erik_lair_orcish_takeover, uniq_pikel
D:9:      layout_layer_cave, gammafunk_temple_overflow_statue, enter_bailey_5,
          hangedman_fish_farm
Bailey:   bailey_axe_2, bailey

Skill      XL: |  1  2  3  4  5  6  7  8  9 10 |
---------------+-------------------------------+-----
Fighting       | 4 5 6 7 9 |  9.2
Axes           | 4 5 6 7 9 |  9.2
Armour         | 3 4 5 7 8 |  8.7
Dodging        | 3 4 5 6 7 8 |  8.0
Evocations     | 2 4 |  4.5

Action                   |  1- 3 |  4- 6 |  7- 9 | 10-12 || total
-------------------------+-------+-------+-------+-------++-------
Melee: Hand axe          |    65 |   152 |   153 |       ||   370
       Headbutt          |    14 |    26 |    65 |    16 ||   121
       War axe           |       |       |   235 |    79 ||   314
Invok: Trog's Hand       |       |     3 |     6 |     1 ||    10
       Berserk           |       |     1 |     2 |     1 ||     4
  Use: Scroll            |       |     3 |     1 |       ||     4
       Potion            |       |       |     2 |       ||     2
Armor: Animal skin       |     7 |     7 |       |       ||    14
       Chain mail        |       |    67 |   149 |    48 ||   264
Dodge: Dodged            |    54 |   100 |   135 |    50 ||   339
Block: Other             |       |     2 |    36 |       ||    38
       Buckler           |       |       |    76 |    72 ||   148
       Reflection        |       |       |     3 |    28 ||    31
